 Dungeon Crawl Stone Soup version 0.26.1-2-gb8aa6d0cf2 (webtiles) character file.

Game seed: 12608687965263853711

1870 Azunone the Fighter (level 9, -19/77 HPs)
             Began as a Gnoll Wanderer on Mar 20, 2021.
             Killed from afar by a deep elf mage (24 damage)
             ... with a bolt of fire
             ... on level 6 of the Dungeon.
             The game lasted 00:15:28 (6009 turns).

Azunone the Fighter (Gnoll Wanderer)                Turns: 6009, Time: 00:15:30

Health: -19/77     AC: 13    Str: 19    XL:     9   Next: 13%
Magic:  14/14      EV: 14    Int: 13    God:
Gold:   340        SH:  5    Dex: 21    Spells: 15/15 levels left

rFire    . . .     SeeInvis .   a - +0 spear
rCold    . . .     Faith    .   (no shield)
rNeg     . . .     Spirit   .   b - +2 scale mail
rPois    .         Reflect  +   s - +2 helmet
rElec    .         Harm     .   (no cloak)
rCorr    .         Rampage  .   (no gloves)
Will     .....                  h - +0 pair of boots
Stlth    ++........             x - amulet of reflection
HPRegen  0.22/turn              m - +6 ring of dexterity
MPRegen  0.14/turn              A - ring of wizardry

@: no status effects
A: distributed training, fangs 1, strong nose
a: no special abilities


You were on level 6 of the Dungeon.
You visited 1 branch of the dungeon, and saw 6 of its levels.

You collected 340 gold pieces.

Inventory:

Hand Weapons
 a - a +0 spear (weapon)
 w - the +7 dagger "Numib" {pain, Str+4 Int+3, unknown}
   (You found it on level 6 of the Dungeon)

   In the hands of one skilled in necromantic magic, it inflicts extra damage on
   living creatures.
   It affects your strength (+4).
   It affects your intelligence (+3).
 z - a +0 hand crossbow
 G - a +2 great sword
 I - a cursed +7 falchion
Missiles
 l - 4 silver boomerangs (quivered)
 E - 3 poisoned darts
 F - 17 bolts
Armour
 b - a +2 scale mail (worn)
 h - a +0 pair of boots (worn)
 s - a +2 helmet (worn)
Magical Staves
 y - an uncursed staff of conjuration {unknown}
Jewellery
 m - a +6 ring of dexterity (left hand)
 x - an amulet of reflection (around neck)
 A - a ring of wizardry (right hand)
Scrolls
 f - 2 scrolls of remove curse
 g - 2 scrolls of enchant weapon {unknown}
 o - 2 scrolls of enchant armour {unknown}
 p - 2 scrolls of immolation {unknown}
 q - 2 scrolls of amnesia
 r - 4 scrolls of teleportation {unknown}
 u - 2 scrolls of blinking {unknown}
 v - a scroll of noise {unknown}
 D - a scroll of fog {unknown}
 H - a scroll of brand weapon {unknown}
Potions
 c - 6 potions of curing
 d - a potion of flight
 e - a potion of might {unknown}
 i - 2 potions of cancellation
 j - a potion of degeneration
 k - 5 potions of mutation
 n - a potion of invisibility {unknown}
 t - a potion of attraction {unknown}
 B - 2 potions of heal wounds {unknown}
 C - a potion of lignification {unknown}


   Skills:
 + Level 9.4 Fighting
 + Level 3.9 Short Blades
 + Level 3.9 Long Blades
 + Level 3.9 Axes
 + Level 3.9 Maces & Flails
 + Level 4.8 Polearms
 + Level 3.9 Staves
 + Level 3.9 Slings
 + Level 3.9 Bows
 + Level 3.9 Crossbows
 + Level 4.8 Throwing
 + Level 4.8 Armour
 + Level 6.1 Dodging
 + Level 3.9 Stealth
 + Level 4.8 Shields
 + Level 3.9 Unarmed Combat
 + Level 3.9 Spellcasting
 + Level 3.2 Conjurations
 + Level 3.2 Hexes
 + Level 3.2 Summonings
 + Level 3.2 Necromancy
 + Level 3.2 Translocations
 + Level 3.2 Transmutations
 + Level 3.2 Fire Magic
 + Level 3.2 Ice Magic
 + Level 3.2 Air Magic
 + Level 3.2 Earth Magic
 + Level 3.2 Poison Magic
 + Level 4.3 Invocations
 + Level 3.9 Evocations


You had 15 spell levels left.
You didn't know any spells.
Your spell library was empty.

Dungeon Overview and Level Annotations

Branches:
Dungeon (6/15)
 Temple: D:4-7

Altars:
Cheibriados
Dithmenos
Hepliaklqana
Nemelex Xobeh
Ru
Trog
Uskayaw
Vehumet
Xom
The Shining One


Innate Abilities, Weirdness & Mutations

Your experience applies equally to all skills.
You have very sharp teeth.
Your uncanny sense of smell can sniff out nearby items.


Message History

The fire elemental misses you.
Unknown command.
You are covered in liquid flames!
* * * LOW HITPOINT WARNING * * *
The deep elf mage mumbles some strange words.
The deep elf mage blinks!
Okay, then.
As you read the scroll labelled LIHEUPRAEM, it crumbles to dust.
It is a scroll of amnesia.
You feel forgetful for a moment.
You are covered in liquid flames!
* * * LOW HITPOINT WARNING * * *
You block the fire elemental's attack. The fire elemental misses you.
As you read the scroll labelled ZIPESEA ZIGGUL, it crumbles to dust.
You feel blessed for a moment.
It was a scroll of remove curse.
You are covered in liquid flames!
* * * LOW HITPOINT WARNING * * *
The deep elf mage points at you and mumbles some strange words.
The bolt of fire hits you!!
You die...

#..#..## ##†##.#
.......# #...#..
.#.##<## ##...#..##
.#.##.# #.........
......# #.########
.###..#####........
..##..#............
#.##........8######+++#
#.##.##........e@§'8.?#
.....#####.......E○§..#
#.#### #........§⌠.$#
#.# #..8######+++# ..#
#.... ### #.....
....### ##.. ∆


You could see a deep elf mage and a fire elemental (summoned).

Vanquished Creatures
  Eustachio (D:4)
  Menkaure (D:4)
  A black bear (D:6)
  3 ogres
  A necrophage (D:3)
  3 centaurs
  A big kobold (D:5)
  5 wights (D:6)
  A bullfrog zombie (D:5)
  A hound (D:5)
  3 orc priests
  2 bullfrog skeletons
  A jelly (D:6)
  5 orc wizards
  An iguana (D:5)
  4 worker ants
  5 adders
  A white imp (D:5)
  3 worms (D:3)
  2 dart slugs
  5 leopard geckos
  19 orcs
  A ball python (D:3)
  4 giant cockroaches
  7 goblins
  9 hobgoblins
  15 jackals
  2 quokkas
  4 bats
  7 frilled lizards
  A jackal skeleton (D:5)
  7 kobolds
  9 rats
135 creatures vanquished.

Notes
Turn   | Place    | Note
-------+----------+-------------------------------------------
     0 | D:1      | Azunone the Gnoll Wanderer began the quest for the Orb.
     0 | D:1      | Azunone set off with the following items: a +0 spear, a +2
                  | scale mail, a potion of curing
     0 | D:1      | Reached XP level 1. HP: 26/26 MP: 1/1
   433 | D:1      | Reached XP level 2. HP: 33/33 MP: 2/2
   538 | D:2      | Noticed a +0 hand axe
   539 | D:2      | Found a hide-covered altar of Uskayaw.
   539 | D:2      | Noticed a +0 dagger
   684 | D:2      | Reached XP level 3. HP: 37/38 MP: 3/3
   969 | D:2      | Reached skill level 1 in Invocations
  1078 | D:2      | Reached skill level 1 in Short Blades
  1078 | D:2      | Reached skill level 1 in Long Blades
  1078 | D:2      | Reached skill level 1 in Axes
  1078 | D:2      | Reached skill level 1 in Maces & Flails
  1078 | D:2      | Reached skill level 1 in Staves
  1078 | D:2      | Reached skill level 1 in Slings
  1078 | D:2      | Reached skill level 1 in Bows
  1078 | D:2      | Reached skill level 1 in Crossbows
  1078 | D:2      | Reached skill level 1 in Stealth
  1078 | D:2      | Reached skill level 1 in Unarmed Combat
  1078 | D:2      | Reached skill level 1 in Spellcasting
  1078 | D:2      | Reached skill level 1 in Evocations
  1087 | D:2      | Found a shadowy altar of Dithmenos.
  1139 | D:2      | Reached XP level 4. HP: 45/45 MP: 5/5
  1310 | D:2      | Found a sparkling altar of Nemelex Xobeh.
  1547 | D:3      | Noticed a necrophage
  1565 | D:3      | Killed a necrophage
  1566 | D:3      | Reached skill level 1 in Conjurations
  1566 | D:3      | Reached skill level 1 in Hexes
  1566 | D:3      | Reached skill level 1 in Summonings
  1566 | D:3      | Reached skill level 1 in Necromancy
  1566 | D:3      | Reached skill level 1 in Translocations
  1566 | D:3      | Reached skill level 1 in Transmutations
  1566 | D:3      | Reached skill level 1 in Fire Magic
  1566 | D:3      | Reached skill level 1 in Ice Magic
  1566 | D:3      | Reached skill level 1 in Air Magic
  1566 | D:3      | Reached skill level 1 in Earth Magic
  1566 | D:3      | Reached skill level 1 in Poison Magic
  1566 | D:3      | Reached XP level 5. HP: 43/51 MP: 5/7
  1884 | D:3      | Found a faded altar of an unknown god.
  2000 | D:3      | Reached XP level 6. HP: 57/57 MP: 8/8
  2044 | D:3      | You fall into a shaft and drop 2 floors!
  2044 | D:5      | Entered Level 5 of the Dungeon
  2128 | D:5      | Reached skill level 5 in Dodging
  2267 | D:5      | Reached XP level 7. HP: 26/63 MP: 10/10
  2826 | D:3      | Found a radiant altar of Vehumet.
  2940 | D:3      | Found a hazy altar of Hepliaklqana.
  2941 | D:3      | Found a shimmering altar of Xom.
  2942 | D:3      | Noticed a spectral ugly thing
  3326 | D:4      | Noticed Eustachio
  3343 | D:4      | Killed Eustachio
  3344 | D:4      | Reached skill level 9 in Fighting
  3426 | D:4      | Noticed Menkaure
  3431 | D:4      | Killed Menkaure
  3432 | D:4      | Reached XP level 8. HP: 71/71 MP: 12/12
  3924 | D:4      | Found a snail-covered altar of Cheibriados.
  3984 | D:4      | Found a sacrificial altar of Ru.
  5190 | D:5      | Found a glowing golden altar of the Shining One.
  5683 | D:6      | Found a bloodstained altar of Trog.
  5731 | D:6      | Got a jewelled dagger
  5821 | D:6      | Reached XP level 9. HP: 73/74 MP: 14/14
  5990 | D:6      | Noticed a deep elf mage
  6009 | D:6      | Killed from afar by a deep elf mage

Illustrated notes

Levels and vault maps discovered:
D:1:      ncdulo_halloftheorcs, layout_rooms, dk_noncrumbling_2
D:2:      layout_loops_corners, nemelex_xobeh_ov_fountains_minmay,
          nicolae_dithmenos_through_a_glass_darkly, dancing_weapons_uskayaw,
          minmay_misc_feat_chi
D:3:      layout_rooms, regret_index_temple_of_mockery, vehumet_crystals,
          chequers_ecumenical_altar_grove
D:4:      layout_gridville, marbit_many_paths, nicolae_ru_path_of_blood,
          uniq_menkaure, uniq_eustachio
D:5:      layout_gridville, tso_metal_star, kennysheep_donut,
          minmay_fractal_squares_diagonal_5, uniq_blork_the_orc
D:6:      layout_loops_cross, old_standard_altar, guppyfry_early_elven_hall,
          uniq_maggie

Skill      XL: |  1  2  3  4  5  6  7  8 |
---------------+-------------------------+-----
Invocations    | 1 2 3 4 |  4.3
Short Blades   | 1 2 3 |  3.9
Long Blades    | 1 2 3 |  3.9
Axes           | 1 2 3 |  3.9
Maces & Flails | 1 2 3 |  3.9
Staves         | 1 2 3 |  3.9
Slings         | 1 2 3 |  3.9
Bows           | 1 2 3 |  3.9
Crossbows      | 1 2 3 |  3.9
Stealth        | 1 2 3 |  3.9
Unarmed Combat | 1 2 3 |  3.9
Spellcasting   | 1 2 3 |  3.9
Evocations     | 1 2 3 |  3.9
Polearms       | 3 4 |  4.8
Throwing       | 3 4 |  4.8
Armour         | 3 4 |  4.8
Shields        | 3 4 |  4.8
Conjurations   | 1 2 3 |  3.2
Hexes          | 1 2 3 |  3.2
Summonings     | 1 2 3 |  3.2
Necromancy     | 1 2 3 |  3.2
Translocations | 1 2 3 |  3.2
Transmutations | 1 2 3 |  3.2
Fire Magic     | 1 2 3 |  3.2
Ice Magic      | 1 2 3 |  3.2
Air Magic      | 1 2 3 |  3.2
Earth Magic    | 1 2 3 |  3.2
Poison Magic   | 1 2 3 |  3.2
Dodging        | 5 6 |  6.1
Fighting       | 9 |  9.4

Action                   |  1- 3 |  4- 6 |  7- 9 || total
-------------------------+-------+-------+-------++-------
Melee: Spear             |   133 |   193 |   369 ||   695
       Bite              |     8 |    31 |    63 ||   102
       Punch             |       |     1 |     5 ||     6
Throw: Boomerang         |       |       |    25 ||    25
  Use: Scroll            |       |       |    10 ||    10
       Potion            |       |       |     4 ||     4
 Stab: Sleeping          |       |     1 |     4 ||     5
       Distracted        |       |       |     1 ||     1
Armor: Scale mail        |    37 |    49 |   129 ||   215
Dodge: Dodged            |    58 |   117 |   180 ||   355
Block: Other             |       |       |    63 ||    63
       Reflection        |       |       |     8 ||     8
